 Dungeon Crawl Stone Soup version 0.27.0-1-g7a08968 (webtiles) character file.

Game seed: 2792534005936783833

699 FrogJohnson the Skirmisher (level 7, -1/44 HPs)
             Began as a Gargoyle Fighter on Aug 1, 2021.
             Was an Elder of Lugonu.
             Slain by an iron imp (6 damage)
             ... summoned by Eustachio
             ... on level 3 of the Dungeon.
             The game lasted 00:11:47 (4030 turns).

FrogJohnson the Skirmisher (Gargoyle Fighter)       Turns: 4030, Time: 00:11:48

Health: -1/44      AC: 13    Str: 19    XL:     7   Next: 65%
Magic:  9/9        EV:  8    Int:  9    God:    Lugonu [****..]
Gold:   279        SH:  9    Dex: 11    Spells: 6/6 levels left

rFire    . . .     SeeInvis .   a - +0 trident
rCold    . . .     Faith    .   c - +0 kite shield
rNeg     + . .     Spirit   .   b - +0 scale mail
rPois    ∞         Reflect  .   (no helmet)
rElec    +         Harm     .   (no cloak)
rCorr    .         Rampage  .   f - +0 pair of gloves
Will     .....                  (no boots)
Stlth    ..........             (no amulet)
HPRegen  0.14/turn              (no ring)
MPRegen  0.11/turn              (no ring)

@: no status effects
A: sickness immunity, AC +4, negative energy resistance 1, electricity
resistance, torment resistance 1, petrification resistance
a: Renounce Religion, Depart the Abyss, Bend Space, Banish, Corrupt


You were on level 3 of the Dungeon.
You worshipped Lugonu.
Lugonu was greatly pleased with you.
You visited 1 branch of the dungeon, and saw 4 of its levels.

You collected 317 gold pieces.
You spent 38 gold pieces at shops.

Inventory:

Hand Weapons
 a - a +0 trident (weapon)
Armour
 b - a +0 scale mail (worn)
 c - a +0 kite shield (worn)
 f - a +0 pair of gloves (worn)
Wands
 r - a wand of acid (8)
 s - a wand of polymorph (8)
Scrolls
 d - a scroll of enchant weapon {unknown}
 h - 4 scrolls of identify
 k - a scroll of amnesia {unknown}
 l - 2 scrolls of magic mapping
 m - a scroll of immolation {unknown}
 n - a scroll of teleportation {unknown}
 p - a scroll of enchant armour {unknown}
 q - a scroll of torment {unknown}
Potions
 e - a potion of brilliance {unknown}
 g - a potion of curing
 i - a potion of resistance {unknown}
 j - a potion of berserk rage
 o - a potion of ambrosia {unknown}


   Skills:
 + Level 5.6 Fighting
 + Level 3.4 Polearms
 + Level 4.9 Armour
 + Level 1.3 Dodging
 + Level 4.9 Shields
 + Level 3.1 Invocations


You had 6 spell levels left.
You didn't know any spells.
Your spell library contained the following spells:

 Spells                   Type           Power      Damage    Failure   Level
 Ensorcelled Hibernation  Hex/Ice        0%         N/A       100%        2
 Spider Form              Tmut/Pois      0%         N/A       100%        3
 Shadow Creatures         Summ           N/A        N/A       100%        6


Dungeon Overview and Level Annotations

Branches:
Dungeon (4/15)
 Temple: D:4-7

Altars:
Lugonu

Shops:
D:2 *   D:4 (

Annotations:
D:3 Eustachio


Innate Abilities, Weirdness & Mutations

You are immune to sickness and miasma.
Your stone body is resilient. (AC +4)
You are immune to poison.
You resist negative energy. (rN+)
You are resistant to electric shocks. (rElec)
You are resistant to unholy torment.
You are immune to petrification.


Message History

The white imp freezes you.
* * * LOW HITPOINT WARNING * * *
The white imp gestures at you.
The puff of frost hits you but does no damage.
Eustachio gestures wildly while chanting.
Eustachio blinks!
Unknown command.
You feel better. The white imp gestures at you. The puff of frost hits you.
The white imp hits you but does no damage.
Eustachio says, "Summoning is fun!"
Eustachio mumbles some strange words.
You hit the iron imp.
The iron imp is moderately wounded.
You block the white imp's attack.
The white imp hits you but does no damage.
You block the iron imp's attack. You block the white imp's attack.
The white imp gestures at you. The puff of frost hits you.
* * * LOW HITPOINT WARNING * * *
You block the iron imp's attack.
Unknown command.
Eustachio says, "Summoning is fun!"
Eustachio completely misses you. You block the iron imp's attack.
You barely miss Eustachio.
Eustachio is severely wounded.
Eustachio mumbles some strange words.
Eustachio blinks!
The white imp hits you but does no damage.
The iron imp closely misses you. You block the white imp's attack.
You closely miss the river rat.
Eustachio mumbles some strange words.
Eustachio blinks!
You block the river rat's attack. The white imp hits you.
* * * LOW HITPOINT WARNING * * *
The white imp freezes you.
* * * LOW HITPOINT WARNING * * *
The rat bites you but does no damage. The white imp barely misses you.
The iron imp hits you.
You die...

#.# #............# #..... #.#
#.##.#.####.## ##.#.#
######.###.##.#.# #.# #.....
....##....÷##.#.## #.# ##.#.#
###.#####......@.# #.#######.....
#.#####.##.....# #..).....#.#.#
###.........###..###########.....
..........##.#.rr.## ##.#.#
#############...@..### #..... #
#..555...########.#.# #
#########....§.#............. ##
#.............#########.#.#.# .#
#.#######.....# #...... .####.#
##.#..# #.#.#.#
....#.########>#..# #..(>..
............##.#..# #.#.#.#
...##.#####.##.#..# #......


You could see Eustachio, an iron imp (summoned), a river rat (summoned), 2 white
imps and a rat (summoned).

Vanquished Creatures
  Edmund (D:3)
  An ogre (D:4)
  The ghost of yongri the Insei, an amateur OpTm (D:3)
  2 scorpions (D:4)
  A bullfrog skeleton (D:4)
  2 orc wizards (D:3)
  Robin (D:4)
  4 gnolls
  5 adders
  2 worms
  A dart slug (D:1)
  10 orcs (D:3)
  8 ball pythons
  8 bats
  6 endoplasms
  2 giant cockroaches
  19 goblins
  9 hobgoblins
  9 jackals
  6 kobolds
  3 quokkas
  3 frilled lizards
  7 rats
111 creatures vanquished.

Notes
Turn   | Place    | Note
-------+----------+-------------------------------------------
     0 | D:1      | FrogJohnson the Gargoyle Fighter began the quest for the
                  | Orb.
     0 | D:1      | Reached XP level 1. HP: 14/14 MP: 1/1
   150 | D:1      | Reached XP level 2. HP: 19/19 MP: 2/2
   331 | D:1      | Reached XP level 3. HP: 22/24 MP: 3/3
   414 | D:1      | Found a faded altar of an unknown god.
   414 | D:1      | Noticed a floating eye
   418 | D:1      | Noticed a floating eye
   421 | D:1      | Noticed an eye of devastation
   421 | D:1      | Noticed an eye of devastation
   431 | D:1      | Reached skill level 4 in Fighting
   438 | D:1      | Became a worshipper of Lugonu the Unformed
   438 | D:1      | Reached * piety under Lugonu
   438 | D:1      | Reached ** piety under Lugonu
   695 | D:2      | Reached XP level 4. HP: 25/29 MP: 4/4
  1145 | D:2      | Reached skill level 1 in Invocations
  1259 | D:2      | Reached XP level 5. HP: 28/34 MP: 5/5
  1375 | D:2      | Reached *** piety under Lugonu
  1394 | D:2      | Found Ritikarr's General Store.
  1403 | D:2      | Bought a scroll of magic mapping for 38 gold pieces
  1896 | D:3      | Found a transporter.
  1900 | D:3      | Noticed yongri's ghost (amateur OpTm)
  1909 | D:3      | Found a transporter.
  1988 | D:3      | Killed yongri's ghost
  1989 | D:3      | Reached skill level 5 in Fighting
  1989 | D:3      | Reached XP level 6. HP: 38/40 MP: 7/7
  2953 | D:4      | Found Zumean's Weapon Emporium.
  3026 | D:4      | Noticed Edmund
  3059 | D:3      | Killed Edmund
  3255 | D:4      | Reached skill level 1 in Dodging
  3255 | D:4      | Reached XP level 7. HP: 31/44 MP: 7/9
  3413 | D:4      | Noticed Robin
  3432 | D:4      | Reached **** piety under Lugonu
  3779 | D:4      | Killed Robin
  3902 | D:4      | Noticed Eustachio
  4030 | D:3      | Slain by an iron imp

Illustrated notes

Levels and vault maps discovered:
D:1:      minmay_arrival_semitransparent, layout_rooms,
          hellmonk_ecumenical_altar_watching_god, minmay_tiny_reverse_x
D:2:      layout_basic, serial_shops, nicolae_lakefront_shop,
          wander_ebering_terrifying_dragon_lair
D:3:      layout_loops_ring, gammafunk_ghost_arena, st_stairs_13
D:4:      layout_cave_pools, serial_shops, shop_coins, uniq_robin,
          uniq_eustachio, uniq_edmund

Skill      XL: |  1  2  3  4  5  6  7 |
---------------+----------------------+-----
Polearms       | 2 3 |  3.4
Fighting       | 4 5 |  5.6
Invocations    | 1 2 3 |  3.1
Armour         | 4 |  4.9
Shields        | 4 |  4.9
Dodging        | 1 |  1.3

Action                   |  1- 3 |  4- 6 |  7- 9 || total
-------------------------+-------+-------+-------++-------
Melee: Trident           |    96 |   281 |    90 ||   467
  Use: Potion            |       |     2 |     1 ||     3
       Scroll            |       |     1 |       ||     1
Armor: Scale mail        |    51 |   146 |    62 ||   259
Dodge: Dodged            |    31 |    75 |    44 ||   150
Block: Kite shield       |    53 |   129 |    61 ||   243
